 Dungeon Crawl Stone Soup version 0.22-a0-570-g58866f5 (webtiles) character file.

919 jamsan the Archer (level 7, -1/56 HPs)
             Began as a Centaur Hunter on June 30, 2018.
             Was a Follower of Okawaru.
             Shot with an arrow by a centaur (12 damage)
             ... on level 5 of the Dungeon.
             The game lasted 00:16:59 (4832 turns).

jamsan the Archer (Centaur Hunter)                  Turns: 4832, Time: 00:17:00

Health: -1/56      AC:  8    Str: 16    XL:     7   Next: 83%
Magic:  7/7        EV:  4    Int: 10    God:    Okawaru [*.....]
Gold:   228        SH:  0    Dex: 10    Spells: 6/6 levels left

rFire    . . .     SeeInvis .   a - +1 shortbow
rCold    . . .     Gourm    .   (shield currently unavailable)
rNeg     . . .     Faith    .   h - +0 chain mail
rPois    .         Spirit   .   (no helmet)
rElec    .         Reflect  .   g - +0 cloak
rCorr    .         Harm     .   (no gloves)
MR       .....                  (no barding)
Stlth    ..........             (no amulet)
HPRegen  0.18/turn              (no ring)
MPRegen  0.10/turn              (no ring)

@: very quick
A: large, hooves 3, deformed body, speed 2, tough skin 3
a: Heroism, Renounce Religion


You were on level 5 of the Dungeon.
You worshipped Okawaru.
Okawaru was aware of your devotion.
You were not hungry.

You visited 1 branch of the dungeon, and saw 5 of its levels.

You collected 228 gold pieces.

Inventory:

Hand Weapons
 a - a +1 shortbow (weapon)
 b - a +0 short sword
 j - the cursed +1 flail "Zupuem" {elec, MR+, unknown}
   (You found it on level 4 of the Dungeon)

   Occasionally, upon striking a foe, it will discharge some electrical energy
   and cause terrible harm.
   It affects your resistance to hostile enchantments.
   It has a curse placed upon it.
Missiles
 d - 47 arrows (quivered)
Armour
 c - a +0 scale mail
 e - a +0 leather armour
 g - a +0 cloak (worn)
 h - a +0 chain mail (worn)
Wands
 m - a wand of iceblast (11)
Scrolls
 k - a scroll of remove curse {unknown}
 n - a scroll of fear
 q - a scroll of identify
Potions
 i - a potion of heal wounds {unknown}
 l - a potion of cancellation {unknown}
 o - a potion of curing
 p - a potion of lignification {unknown}
Comestibles
 f - 4 rations
 r - 10 chunks of flesh


   Skills:
 + Level 2.8 Fighting
 * Level 11.9 Bows
 + Level 1.3 Armour
 - Level 1.3 Dodging
 - Level 0.4 Stealth


You had 6 spell levels left.
You didn't know any spells.
Your spell library was empty.

Dungeon Overview and Level Annotations

Branches:
Dungeon (5/15)
 Temple: D:4-7

Altars:
Kikubaaqudgha
Okawaru
Qazlal
Yredelemnul
Zin


Innate Abilities, Weirdness & Mutations

You have hooves in place of feet.
Armour fits poorly on your strangely shaped body.
You cover ground very quickly.
You have extremely tough skin. (AC +3)


Message History

Press: ? - help, Shift-Dir - straight line, f/p - centaur
Aim: a centaur, wielding a shortbow of freezing You shoot an arrow.
The arrow barely misses the centaur.
The centaur shoots an arrow.
The arrow barely misses you.
Firing (i - inventory)
d - 48 arrows (quivered)
Press: ? - help, Shift-Dir - straight line, f/p - centaur
Aim: a centaur, wielding a shortbow of freezing You shoot an arrow.
The arrow hits the centaur but does no damage.
The centaur shoots an arrow.
The arrow hits you. The arrow freezes you.
The centaur shoots an arrow.
The arrow hits you!
* * * LOW HITPOINT WARNING * * *
The arrow freezes you.
* * * LOW HITPOINT WARNING * * *
You hear an angry hiss.
You see here an arrow.
You feel better.
A leopard gecko comes into view.
The centaur shoots an arrow.
The arrow hits you!
You die...

..#.##... .....## #
....## #....###..# ##
.....## #..# ##.## #.
.......###.# #..####.
........#..# ##....#..
...........#####........
..........#.##.....รท.)..
........................
...(...@..(.....).......
......?.(.........[.....
........................
....c...................
l.((........#####.......
.(..........# #.......
............# #.......
#...........# #.......
...........# #.......


You could see a centaur and a leopard gecko (wandering).

Vanquished Creatures
  Eustachio (D:4)
  Duvessa (D:5)
  2 ogres (D:4)
  Dowan (D:5)
  2 scorpions
  A hound (D:5)
  2 orc wizards
  An orc priest (D:5)
  A worker ant (D:4)
  A gnoll (D:1)
  6 adders
  A river rat (D:4)
  3 oozes
  2 worms (D:3)
  3 dart slugs
  6 leopard geckos
  16 orcs
  2 ball pythons
  9 bats
  2 bat skeletons (D:4)
  2 bat zombies (D:4)
  2 giant cockroaches
  9 goblins
  8 hobgoblins
  3 jackals (D:1)
  2 quokkas
  5 frilled lizards
  A giant cockroach zombie (D:5)
  5 kobolds
  10 rats
110 creatures vanquished.

Notes
Turn   | Place    | Note
-------+----------+-------------------------------------------
     0 | D:1      | jamsan the Centaur Hunter began the quest for the Orb.
     0 | D:1      | Reached XP level 1. HP: 17/17 MP: 1/1
   169 | D:1      | Reached skill level 6 in Bows
   169 | D:1      | Reached XP level 2. HP: 15/24 MP: 2/2
   474 | D:1      | Reached XP level 3. HP: 28/29 MP: 3/3
   642 | D:1      | Reached skill level 7 in Bows
  1189 | D:2      | Reached XP level 4. HP: 34/36 MP: 4/4
  1717 | D:3      | Reached skill level 8 in Bows
  1799 | D:3      | Reached XP level 5. HP: 26/41 MP: 5/5
  2170 | D:3      | Reached skill level 9 in Bows
  2364 | D:3      | Found a glowing silver altar of Zin.
  2364 | D:3      | Found a stormy altar of Qazlal.
  2365 | D:3      | Found a basalt altar of Yredelemnul.
  3008 | D:4      | Found an iron altar of Okawaru.
  3019 | D:4      | Became a worshipper of Warmaster Okawaru
  3087 | D:4      | Reached XP level 6. HP: 39/48 MP: 6/6
  3213 | D:4      | Noticed Eustachio
  3228 | D:4      | Killed Eustachio
  3228 | D:4      | Reached skill level 10 in Bows
  3286 | D:4      | Got an ichor-stained flail
  3431 | D:4      | Found an ancient bone altar of Kikubaaqudgha.
  3710 | D:4      | Reached XP level 7. HP: 55/55 MP: 7/7
  3732 | D:4      | Reached skill level 11 in Bows
  4002 | D:4      | Reached * piety under Okawaru
  4551 | D:5      | Entered Level 5 of the Dungeon
  4648 | D:5      | Noticed Dowan
  4649 | D:5      | Noticed Duvessa
  4684 | D:5      | Killed Duvessa
  4688 | D:5      | Killed Dowan
  4688 | D:5      | Reached skill level 1 in Armour
  4832 | D:5      | Shot with an arrow by a centaur

Vault maps used:
D:1:      co_arrival_hall_of_pillars, hex_large, minmay_tetromino_l2
D:2:      first_ration, kennysheep_generic_room_5
D:3:      nicolae_overflow_hidden_temple
D:4:      kennysheep_vampire_church, gup_sewer_entry_spiral,
          grunt_decor_arrowhead, okawaru_altar_gauntlet_db, uniq_eustachio
D:5:      lemuel_crystal_altar, nicolae_ru_path_of_blood, sigmund_army,
          uniq_duvessa, uniq_pikel, uniq_edmund, uniq_ijyb

Skill      XL: |  1  2  3  4  5  6  7 |
---------------+----------------------+-----
Bows           | 6 7 8 9 10 11 | 11.9
Armour         | 1 |  1.3
Fighting       | |  2.8
Dodging        | |  1.3
Stealth        | |  0.4

Action                   |  1- 3 |  4- 6 |  7- 9 || total
-------------------------+-------+-------+-------++-------
Melee: Short sword       |    60 |    45 |       ||   105
       Kick              |    12 |    15 |       ||    27
 Fire: Shortbow          |    43 |   152 |    80 ||   275
  Use: Scroll            |       |     3 |       ||     3
       Potion            |       |     1 |     1 ||     2
  Eat: Chunk             |       |     6 |     1 ||     7
       Ration            |       |       |     1 ||     1
Armor: Leather armour    |    18 |       |       ||    18
       Scale mail        |    12 |    43 |     4 ||    59
       Chain mail        |       |       |     9 ||     9
Dodge: Dodged            |    31 |    46 |     5 ||    82

Table legend:
 A = Spawn XP
 B = Non-spawn XP
 C = Spawn XP percentage of total XP
 D = Spawn monster count
 E = Non-spawn monster count
 F = Spawn count percentage of total count
 G = Total turns spent on level
                    A         B        C        D         E        F      G
               +---------+---------+-------+---------+---------+-------+---------
         Total |       0 |    1314 |   0.0 |       0 |     110 |   0.0 |  4832
               +---------+---------+-------+---------+---------+-------+---------
           D:1 |       0 |      68 |   0.0 |       0 |      26 |   0.0 |  1056
           D:2 |       0 |      40 |   0.0 |       0 |      17 |   0.0 |   512
           D:3 |       0 |     234 |   0.0 |       0 |      36 |   0.0 |  1292
           D:4 |       0 |     548 |   0.0 |       0 |      22 |   0.0 |  1691
           D:5 |       0 |     424 |   0.0 |       0 |       9 |   0.0 |   281
               +---------+---------+-------+---------+---------+-------+---------
